[Event "9. Korbacher Open 2017"]
[Site "Korbach"]
[Date "2017.10.22"]
[Round "6"]
[White "Plaza Reino, Mercedes"]
[Black "Bayer, Martin"]
[Result "1-0"]
[ECO "D02"]
[WhiteElo "1822"]
[BlackElo "1732"]
[Annotator "NA"]
[PlyCount "97"]
[EventDate "2017.??.??"]
[EventType "swiss"]
[EventCountry "GER"]
[SourceTitle "playchess.com"]
[Source "ChessBase"]
[SourceQuality "1"]
[TimeControl "40/5400+30:1800+30"]

1. d4 d5 2. Nf3 Nf6 3. Bf4 Bf5 4. e3 e6 5. h3 c5 6. c3 Nc6 7. Be2 Be7 8. O-O O-O 9. Nbd2 Ne4 10. Ne5 f6 $11 11. Nxc6 bxc6 12. Nxe4 Bxe4 13. Bd3 Bxd3 14. Qxd3 Qb6 15. Qc2 Rfc8 16. Qe2 cxd4 17. exd4 c5 18. Be3 Rab8 19. b3 c4 20. b4 Re8 21. a4 Qc7 22. Qc2 e5 23. Rfd1 Red8 24. Qf5 Qd7 25. Qxd7 Rxd7 26. Rd2 Rbd8 27. Rad1 Kf7 28. b5 Ke6 29. Rb1 Rb7 30. Kf1 Rdb8 31. Rbd1 Rd8 32. Rb1 a6 33. b6 a5 34. Rb5 Ra8 35. dxe5 fxe5 36. Rbxd5 h6 37. Ke2 Bf6 38. Rd6+ Kf5 39. R2d5 Be7 40. Rd7 Rab8 41. Rxb7 Rxb7 42. Rxa5 Ke6 43. Ra7 Rb8 44. a5 g5 45. a6 Bd8 46. b7 e4 47. Ra8 Bc7 48. Rxb8 Bxb8 49. a7 1-0

[Event "9. Korbacher Open 2017"]
[Site "Korbach"]
[Date "2017.10.22"]
[Round "6"]
[White "Held, Martin"]
[Black "Simukov, Erik"]
[Result "1-0"]
[ECO "C54"]
[WhiteElo "1821"]
[BlackElo "1621"]
[Annotator "NA"]
[PlyCount "53"]
[EventDate "2017.??.??"]
[EventType "swiss"]
[EventCountry "GER"]
[SourceTitle "playchess.com"]
[Source "ChessBase"]
[SourceQuality "1"]
[TimeControl "40/5400+30:1800+30"]

1. e4 e5 2. Nf3 Nc6 3. Bc4 Bc5 4. c3 Nf6 5. d4 exd4 6. cxd4 Bb4+ 7. Nc3 Nxe4 8. O-O Bxc3 9. d5 Bf6 10. Re1 Ne7 11. Rxe4 d6 12. Bg5 Bxg5 13. Nxg5 h6 {[%emt 0:02:05] LiveBook: 58 Games} 14. Qe2 hxg5 15. Re1 {[%emt 0:00:27] [#]} Be6 $1 16. dxe6 f6 17. Re3 c6 $17 18. Rh3 Rxh3 19. gxh3 g6 20. Rd1 Nf5 21. Bd3 Ke7 22. Bxf5 gxf5 23. Qd3 Qc7 24. Qxf5 Rh8 25. Qg6 Rh4 26. Qg7+ Kd8 27. Qf8# 1-0

[Event "9. Korbacher Open 2017"]
[Site "Korbach"]
[Date "2017.10.22"]
[Round "6"]
[White "Powalla, Christian"]
[Black "Alkayas, Shadi"]
[Result "1-0"]
[ECO "C50"]
[WhiteElo "1816"]
[BlackElo "1975"]
[Annotator "NA"]
[PlyCount "67"]
[EventDate "2017.??.??"]
[EventType "swiss"]
[EventCountry "GER"]
[SourceTitle "playchess.com"]
[Source "ChessBase"]
[SourceQuality "1"]
[TimeControl "40/5400+30:1800+30"]

1. e4 e5 2. Nf3 Nc6 3. Bc4 Nd4 4. Nxd4 exd4 5. O-O Bc5 {[%emt 0:00:16] [#]} 6. d3 (6. Bxf7+ $1 $18 {[%mdl 512] and White stays clearly on top.} Kf8 (6... Kxf7 7. Qh5+) 7. d3) 6... d6 7. f4 Be6 8. Bxe6 fxe6 9. b4 Bb6 10. f5 e5 11. Qh5+ Kd7 12. Qf7+ (12. Qg4 $16 Nf6 13. Qxg7+ Qe7 14. Qxe7+ Kxe7 15. Nd2) 12... Qe7 13. Qxe7+ Kxe7 14. g4 h6 $14 (14... d5 $5) 15. h4 Nf6 16. g5 Nh5 17. Nd2 c6 18. Nf3 Raf8 19. Kg2 Bd8 20. Kh3 Ke8 21. Kg4 hxg5 22. hxg5 Rh7 23. Bd2 Kd7 24. Nh4 Nf4 25. Bxf4 exf4 26. Ng6 Re8 27. Rh1 Rxh1 28. Rxh1 Rg8 29. Nxf4 Ke8 30. Ne6 Be7 31. Nxd4 Kf7 32. Ne6 Rc8 33. Rh7 Kg8 34. Rxg7+ {[%emt 0:00:10] Bf8 Rh7 Kf7 Rh8} 1-0

[Event "9. Korbacher Open 2017"]
[Site "Korbach"]
[Date "2017.10.22"]
[Round "6"]
[White "Achermann, Didier"]
[Black "Stahnke, Thorsten"]
[Result "0-1"]
[ECO "B34"]
[WhiteElo "1811"]
[BlackElo "2026"]
[Annotator "NA"]
[PlyCount "101"]
[EventDate "2017.??.??"]
[EventType "swiss"]
[EventCountry "GER"]
[SourceTitle "playchess.com"]
[Source "ChessBase"]
[SourceQuality "1"]
[TimeControl "40/5400+30:1800+30"]

1. e4 c5 2. Nf3 Nc6 3. d4 cxd4 4. Nxd4 g6 5. Nc3 Bg7 6. Be3 Nf6 7. f3 O-O 8. Qd2 d5 9. Nxc6 bxc6 10. e5 Nd7 11. f4 Qa5 12. g4 {[%emt 0:17:42] [#]} ({Better is} 12. a3 $15) 12... e6 (12... g5 $1 $19 13. Bd3 (13. fxg5 Nxe5) 13... Rb8) 13. g5 Rb8 14. b3 c5 15. Bf2 Nxe5 16. fxe5 Bxe5 17. Ne2 Qxd2+ 18. Kxd2 Bxa1 19. Bxc5 Be5 20. Bxf8 Kxf8 21. h4 Ba6 22. Ng3 Bxf1 23. Nxf1 Bf4+ 24. Kd3 $19 e5 25. Ne3 Bxe3 26. Kxe3 Rb4 27. Rh2 Rg4 28. Kf3 Rf4+ 29. Kg3 Ke7 30. h5 Ke6 31. hxg6 hxg6 32. Rh7 Rf5 33. Rh8 Rxg5+ 34. Kf2 Rh5 35. Ra8 Rh2+ 36. Kf3 Rxc2 37. Rxa7 f5 38. b4 Rb2 39. a3 Rb3+ 40. Ke2 f4 41. Ra6+ Kf5 42. Ra5 g5 43. b5 g4 44. a4 g3 45. b6 Rb2+ 46. Kf1 Rxb6 47. Rxd5 Rb2 48. a5 Ra2 49. Rb5 f3 50. Rb1 Rxa5 51. Ra1 0-1

[Event "9. Korbacher Open 2017"]
[Site "Korbach"]
[Date "2017.10.22"]
[Round "6"]
[White "Hild, Sebastian"]
[Black "Launert, Martin"]
[Result "1/2-1/2"]
[ECO "C44"]
[WhiteElo "1786"]
[BlackElo "1879"]
[Annotator "NA"]
[PlyCount "85"]
[EventDate "2017.??.??"]
[EventType "swiss"]
[EventCountry "GER"]
[SourceTitle "playchess.com"]
[Source "ChessBase"]
[SourceQuality "1"]
[TimeControl "40/5400+30:1800+30"]

1. e4 e5 2. Nf3 Nc6 3. d4 exd4 4. Nxd4 Nf6 5. Nxc6 bxc6 6. Bd3 Be7 7. O-O O-O 8. c4 d5 9. exd5 cxd5 10. cxd5 Nxd5 11. a3 Bf6 $11 12. Qc2 g6 13. Bd2 Bb7 14. Nc3 Nxc3 15. Bxc3 Bxc3 16. Qxc3 Qg5 17. f3 c5 18. Bc4 Rad8 19. Rad1 Bc6 20. Qc1 Qf6 21. b3 Rd4 22. Qe3 Re8 23. Qf2 Red8 24. Rxd4 Rxd4 25. Qe3 a5 26. a4 Bxa4 27. Qc3 Bc6 28. Qxa5 Qg5 29. Qc3 Bd5 30. Bxd5 Qxd5 31. Rc1 Rd1+ 32. Rxd1 Qxd1+ 33. Kf2 Qd5 34. Qc4 Qxc4 35. bxc4 Kf8 36. Ke3 Ke7 37. Ke4 Ke6 38. g4 h6 39. h4 f6 40. f4 f5+ 41. gxf5+ gxf5+ 42. Ke3 Kd6 43. Kd3 1/2-1/2

[Event "9. Korbacher Open 2017"]
[Site "Korbach"]
[Date "2017.10.22"]
[Round "6"]
[White "Aardenburg, Piet"]
[Black "Sakhra, Roman"]
[Result "1-0"]
[ECO "D02"]
[WhiteElo "1782"]
[BlackElo "1489"]
[Annotator "NA"]
[PlyCount "57"]
[EventDate "2017.??.??"]
[EventType "swiss"]
[EventCountry "GER"]
[SourceTitle "playchess.com"]
[Source "ChessBase"]
[SourceQuality "1"]
[TimeControl "40/5400+30:1800+30"]

1. d4 d5 2. Nf3 Nf6 3. Bf4 e6 4. e3 c5 5. Be2 Nc6 6. O-O Be7 7. c4 Nh5 8. Be5 cxd4 9. Bxd4 Nxd4 10. Nxd4 Nf6 11. Nc3 O-O 12. Qb3 dxc4 13. Bxc4 a6 14. Rfd1 Qc7 15. Be2 b5 16. Rac1 Qb6 17. Bf3 Bb7 18. Na4 Qa7 19. Rc7 Bd5 20. Rxa7 Bxb3 21. Bxa8 Bxd1 22. Nc3 Bh5 23. Rxa6 Rd8 24. Nc6 Rd7 25. Nxe7+ Rxe7 26. Bc6 h6 27. Bxb5 Rb7 28. a4 Rc7 29. Rc6 1-0

[Event "9. Korbacher Open 2017"]
[Site "Korbach"]
[Date "2017.10.22"]
[Round "6"]
[White "Deutsch, Christoph"]
[Black "Buese, Ralf"]
[Result "1/2-1/2"]
[ECO "C01"]
[WhiteElo "1755"]
[BlackElo "1892"]
[Annotator "NA"]
[PlyCount "33"]
[EventDate "2017.??.??"]
[EventType "swiss"]
[EventCountry "GER"]
[SourceTitle "playchess.com"]
[Source "ChessBase"]
[SourceQuality "1"]
[TimeControl "40/5400+30:1800+30"]

1. e4 e6 2. d4 d5 3. exd5 exd5 4. Nf3 Bd6 5. c4 c6 6. Nc3 Ne7 7. Bd3 dxc4 8. Bxc4 Bf5 9. O-O O-O 10. Bg5 h6 11. Bh4 Nd7 12. Bg3 Nb6 13. Bb3 Bxg3 14. hxg3 Ned5 15. Qd2 Qd6 16. Rfe1 Rad8 $11 17. Re5 1/2-1/2

[Event "9. Korbacher Open 2017"]
[Site "Korbach"]
[Date "2017.10.22"]
[Round "6"]
[White "Naujocks, Christian"]
[Black "Mak, Nico"]
[Result "1-0"]
[ECO "C18"]
[WhiteElo "1654"]
[BlackElo "1799"]
[Annotator "NA"]
[PlyCount "36"]
[EventDate "2017.??.??"]
[EventType "swiss"]
[EventCountry "GER"]
[SourceTitle "playchess.com"]
[Source "ChessBase"]
[SourceQuality "1"]
[TimeControl "40/5400+30:1800+30"]

1. e4 e6 2. d4 d5 3. Nc3 Bb4 4. e5 c5 5. a3 Bxc3+ 6. bxc3 Ne7 7. Qg4 Ng6 8. h4 Qc7 9. Nf3 cxd4 10. Qxd4 Bd7 11. Bd2 Nc6 12. Qe3 Ngxe5 13. Nxe5 Nxe5 14. Qg3 g6 15. Bg5 Rc8 16. Bf6 Rf8 17. Bxe5 Qa5 18. Bf6 Qc5 1-0

[Event "9. Korbacher Open 2017"]
[Site "Korbach"]
[Date "2017.10.22"]
[Round "7"]
[White "Roeberg, Frank"]
[Black "Trunz, Elena"]
[Result "1-0"]
[ECO "B91"]
[WhiteElo "2194"]
[BlackElo "2127"]
[Annotator "NA"]
[PlyCount "83"]
[EventDate "2017.??.??"]
[EventType "swiss"]
[EventCountry "GER"]
[SourceTitle "playchess.com"]
[Source "ChessBase"]
[SourceQuality "1"]
[TimeControl "40/5400+30:1800+30"]

1. e4 c5 2. Nf3 d6 3. d4 cxd4 4. Nxd4 Nf6 5. Nc3 a6 6. g3 e5 7. Nde2 Qc7 8. a4 b6 9. Bg2 Bb7 10. O-O Nbd7 11. h3 Nc5 12. Nd5 Nxd5 13. exd5 Be7 14. g4 O-O 15. Ng3 Rfe8 16. Be3 b5 17. Bxc5 Qxc5 18. c3 Rec8 19. Qd2 Qb6 20. Kh2 Rc4 21. axb5 axb5 22. Rxa8+ Bxa8 23. Nf5 Bf8 24. Ne3 Ra4 25. Nc2 Be7 26. Nb4 h6 27. f4 Bf6 28. g5 hxg5 29. fxg5 Be7 30. h4 g6 31. Qe2 Bf8 32. Be4 Bg7 33. h5 gxh5 34. Qxh5 Ra7 35. Qh3 Rc7 36. g6 f6 37. Bf5 Re7 38. Be6+ Kf8 39. Qh7 Rxe6 40. dxe6 Qb7 41. Nd5 Qxd5 42. Rxf6+ 1-0

[Event "9. Korbacher Open 2017"]
[Site "Korbach"]
[Date "2017.10.22"]
[Round "7"]
[White "Stork, Oliver"]
[Black "Koellner, Christof"]
[Result "0-1"]
[ECO "A20"]
[WhiteElo "2176"]
[BlackElo "2073"]
[Annotator "NA"]
[PlyCount "54"]
[EventDate "2017.??.??"]
[EventType "swiss"]
[EventCountry "GER"]
[SourceTitle "playchess.com"]
[Source "ChessBase"]
[SourceQuality "1"]
[TimeControl "40/5400+30:1800+30"]

1. c4 e5 2. g3 Nc6 3. Bg2 Bc5 4. Nc3 a6 5. e3 d6 6. Nge2 Ba7 7. d4 exd4 8. exd4 Nge7 9. O-O O-O 10. b3 Nf5 11. d5 Ne5 12. Bb2 Re8 13. Rc1 Qf6 14. Rc2 Qh6 15. Ne4 Ng4 16. h3 Rxe4 17. Bc1 g5 18. Bxg5 Qxg5 19. Bxe4 Nxf2 20. Rxf2 Bxf2+ 21. Kh1 Ne3 22. Qd2 Qe5 23. Nc3 Nxc2 24. Qxf2 f5 25. Bxc2 Qxc3 26. Qe2 Bd7 27. Qe7 Re8 0-1

[Event "9. Korbacher Open 2017"]
[Site "Korbach"]
[Date "2017.10.22"]
[Round "7"]
[White "Schmidt, Andre"]
[Black "Maiwald, Harald"]
[Result "1-0"]
[ECO "D85"]
[WhiteElo "2154"]
[BlackElo "2014"]
[Annotator "NA"]
[PlyCount "61"]
[EventDate "2017.??.??"]
[EventType "swiss"]
[EventCountry "GER"]
[SourceTitle "playchess.com"]
[Source "ChessBase"]
[SourceQuality "1"]
[TimeControl "40/5400+30:1800+30"]

1. d4 Nf6 2. c4 g6 3. Nc3 d5 4. cxd5 Nxd5 5. Bd2 Bg7 6. e4 Nb6 7. Be3 Nc6 8. Bb5 Bd7 9. Nf3 O-O 10. O-O Na5 11. Be2 Nac4 12. Bc1 e5 13. d5 c6 14. b3 Na5 15. Ba3 Re8 16. Bb4 Nc8 17. Rc1 cxd5 18. exd5 Qb6 19. Ba3 Nd6 20. Nd2 Rac8 21. Nde4 Nxe4 22. Nxe4 Rxc1 23. Qxc1 Rc8 24. Qd2 Bf5 25. Rc1 Rxc1+ 26. Qxc1 Qd8 27. Ng3 b6 28. Ba6 Bf8 29. Bxf8 Qxf8 30. Nxf5 gxf5 31. Qg5+ 1-0

[Event "9. Korbacher Open 2017"]
[Site "Korbach"]
[Date "2017.10.22"]
[Round "7"]
[White "Vlaming, Jos"]
[Black "Plaza Reino, Mercedes"]
[Result "1-0"]
[ECO "A28"]
[WhiteElo "2136"]
[BlackElo "1822"]
[Annotator "NA"]
[PlyCount "85"]
[EventDate "2017.??.??"]
[EventType "swiss"]
[EventCountry "GER"]
[SourceTitle "playchess.com"]
[Source "ChessBase"]
[SourceQuality "1"]
[TimeControl "40/5400+30:1800+30"]

1. c4 e5 2. Nc3 Nf6 3. Nf3 Nc6 4. e4 Bc5 5. Nxe5 Nxe5 6. d4 Bb4 7. dxe5 Nxe4 8. Qf3 Nxc3 9. bxc3 Bf8 10. Bf4 Qe7 11. O-O-O g6 12. Kb1 Bg7 13. Bd3 O-O 14. Qg3 Qe6 15. Rd2 Rb8 16. h4 h5 17. Qe3 b6 18. f3 Bb7 19. Re2 Rfe8 20. Rhe1 Qe7 21. Qf2 Qe6 22. Bg5 Ba6 23. Qd4 Bf8 24. g4 hxg4 25. fxg4 Bc5 26. Qf4 b5 27. Ka1 bxc4 28. Bb1 Ba3 29. Rf1 Bb7 30. Bf6 Bf8 31. Qg5 Bg7 32. h5 Bd5 33. hxg6 Rxb1+ 34. Rxb1 Bf3 35. gxf7+ Qxf7 36. Rf2 Be4 37. Re1 Bg6 38. Ref1 Rb8 39. Rb2 Re8 40. Rh2 Rb8 41. Rfh1 Qe8 42. Bxg7 Kxg7 43. Qf6+ 1-0

[Event "9. Korbacher Open 2017"]
[Site "Korbach"]
[Date "2017.10.22"]
[Round "7"]
[White "Thomas, Ingo"]
[Black "Timar-Geng, Zoltan"]
[Result "1/2-1/2"]
[ECO "C54"]
[WhiteElo "2129"]
[BlackElo "1859"]
[Annotator "NA"]
[PlyCount "35"]
[EventDate "2017.??.??"]
[EventType "swiss"]
[EventCountry "GER"]
[SourceTitle "playchess.com"]
[Source "ChessBase"]
[SourceQuality "1"]
[TimeControl "40/5400+30:1800+30"]

1. e4 e5 2. Nf3 Nc6 3. Bc4 Bc5 4. c3 Nf6 5. d3 d6 6. h3 a6 7. Bb3 Ba7 8. Nbd2 h6 9. Nf1 O-O 10. Ng3 Re8 11. O-O Be6 12. Bc2 d5 13. Qe2 Qd7 14. Kh2 dxe4 15. dxe4 Rad8 16. Nh4 Kh8 17. Ngf5 g5 18. Rd1 1/2-1/2

[Event "9. Korbacher Open 2017"]
[Site "Korbach"]
[Date "2017.10.22"]
[Round "7"]
[White "Andersen, Lars Christoff"]
[Black "Koellner, Ruben Gideon"]
[Result "1/2-1/2"]
[ECO "A27"]
[WhiteElo "2107"]
[BlackElo "2148"]
[Annotator "NA"]
[PlyCount "73"]
[EventDate "2017.??.??"]
[EventType "swiss"]
[EventCountry "GER"]
[SourceTitle "playchess.com"]
[Source "ChessBase"]
[SourceQuality "1"]
[TimeControl "40/5400+30:1800+30"]

1. c4 e5 2. Nc3 Nc6 3. Nf3 Bc5 4. e3 d6 5. d4 exd4 6. exd4 Bb6 7. Be2 Nge7 8. b4 a6 9. d5 Nb8 10. Bb2 O-O 11. O-O Nd7 12. Ne4 Ba7 13. Qc2 Ng6 14. Rfd1 Re8 15. c5 dxc5 16. d6 cxd6 17. Nxd6 Re7 18. Nf5 f6 19. Bc4+ Kh8 20. Nxe7 Qxe7 21. Re1 Qf8 22. Bd3 Qf7 23. Rad1 Ndf8 24. Bc4 Be6 25. Bxe6 Nxe6 26. Qc4 Ngf8 27. Rd6 Re8 28. b5 axb5 29. Qxb5 Kg8 30. g3 Re7 31. Red1 Bb8 32. R6d5 Nc7 33. Qxc5 Nxd5 34. Rxd5 Rd7 35. Rxd7 Qxd7 36. Qc4+ Qe6 37. Qxe6+ 1/2-1/2

[Event "9. Korbacher Open 2017"]
[Site "Korbach"]
[Date "2017.10.22"]
[Round "7"]
[White "Heinemann, Ernst"]
[Black "Dijkhuis, Oele"]
[Result "1/2-1/2"]
[ECO "B51"]
[WhiteElo "2099"]
[BlackElo "2035"]
[Annotator "NA"]
[PlyCount "27"]
[EventDate "2017.??.??"]
[EventType "swiss"]
[EventCountry "GER"]
[SourceTitle "playchess.com"]
[Source "ChessBase"]
[SourceQuality "1"]
[TimeControl "40/5400+30:1800+30"]

1. e4 c5 2. Nf3 d6 3. Bb5+ Nd7 4. c3 a6 5. Ba4 b5 6. Bc2 Ngf6 7. d3 e6 8. O-O Be7 9. h3 Bb7 10. Re1 O-O 11. Nbd2 h6 12. Nf1 Ne5 13. Nxe5 dxe5 14. Qe2 1/2-1/2

[Event "9. Korbacher Open 2017"]
[Site "Korbach"]
[Date "2017.10.22"]
[Round "7"]
[White "Sanati, Charlotte"]
[Black "Lesny, Florian"]
[Result "1/2-1/2"]
[ECO "D45"]
[WhiteElo "2098"]
[BlackElo "1997"]
[Annotator "NA"]
[PlyCount "60"]
[EventDate "2017.??.??"]
[EventType "swiss"]
[EventCountry "GER"]
[SourceTitle "playchess.com"]
[Source "ChessBase"]
[SourceQuality "1"]
[TimeControl "40/5400+30:1800+30"]

1. d4 d5 2. c4 c6 3. Nc3 Nf6 4. Nf3 e6 5. e3 Be7 6. Qc2 Nbd7 7. b3 b6 8. Bd3 Bb7 9. Bb2 O-O 10. O-O Rc8 11. Qe2 dxc4 12. bxc4 c5 13. Rfd1 Qc7 14. d5 exd5 15. cxd5 Nxd5 16. Nxd5 Bxd5 17. Bxh7+ Kxh7 18. Rxd5 Nf6 19. Qd3+ g6 20. Qc3 Rfd8 21. Re5 Rd6 22. Ng5+ Kg8 23. Qc4 Bf8 24. Qh4 Rcd8 25. Rf1 Bg7 26. Rd5 Rxd5 27. Bxf6 Rxg5 28. Qxg5 Bxf6 29. Qxf6 Qd6 30. Qg5 Qd5 1/2-1/2

[Event "9. Korbacher Open 2017"]
[Site "Korbach"]
[Date "2017.10.22"]
[Round "7"]
[White "Nielsen, Klaus"]
[Black "Goetz, Jan"]
[Result "1-0"]
[ECO "C15"]
[WhiteElo "2092"]
[BlackElo "1890"]
[Annotator "NA"]
[PlyCount "67"]
[EventDate "2017.??.??"]
[EventType "swiss"]
[EventCountry "GER"]
[SourceTitle "playchess.com"]
[Source "ChessBase"]
[SourceQuality "1"]
[TimeControl "40/5400+30:1800+30"]

1. d4 d5 2. Nc3 e6 3. e4 Bb4 4. Nge2 dxe4 5. a3 Be7 6. Nxe4 Nf6 7. N2g3 O-O 8. Be3 b6 9. Bd3 Bb7 10. Qf3 Nxe4 11. Nxe4 Nc6 12. Qh3 f5 13. Nc3 Nxd4 14. O-O-O c5 15. Rhg1 Qc8 16. g4 Nf3 17. gxf5 Nxg1 18. Rxg1 Rxf5 19. Qh6 Bf6 20. Bxf5 exf5 21. Qxf6 Qf8 22. Qe6+ Qf7 23. Qxf7+ Kxf7 24. Rd1 Ke6 25. Bf4 Rg8 26. h4 h6 27. Rg1 Kf7 28. Nb5 Bc6 29. Nd6+ Ke6 30. Rg6+ Kd5 31. f3 Bd7 32. c4+ Kd4 33. Bxh6 Rh8 34. Bxg7+ 1-0

[Event "9. Korbacher Open 2017"]
[Site "Korbach"]
[Date "2017.10.22"]
[Round "7"]
[White "Braun, Ingram"]
[Black "Maar, Samuel"]
[Result "0-1"]
[ECO "B26"]
[WhiteElo "2042"]
[BlackElo "1998"]
[Annotator "NA"]
[PlyCount "100"]
[EventDate "2017.??.??"]
[EventType "swiss"]
[EventCountry "GER"]
[SourceTitle "playchess.com"]
[Source "ChessBase"]
[SourceQuality "1"]
[TimeControl "40/5400+30:1800+30"]

1. e4 c5 2. Nc3 d6 3. g3 Nc6 4. Bg2 g6 5. d3 Bg7 6. Be3 Nf6 7. h3 O-O 8. Nge2 Be6 9. O-O Rc8 10. Nd5 Bd7 11. c3 e6 12. Nxf6+ Bxf6 13. Qd2 Re8 14. Rad1 Qa5 15. a3 d5 16. exd5 exd5 17. d4 cxd4 18. Nxd4 Ne5 19. Bg5 Nc4 20. Qc1 Bxg5 21. Qxg5 Nxb2 22. Bxd5 Kg7 23. Nb3 Qd8 24. Qxd8 Rexd8 25. Rb1 Bxh3 26. Bg2 Bxg2 27. Kxg2 Nc4 28. a4 Na3 29. Rbc1 Rd3 30. Nd4 Rcxc3 31. Rxc3 Rxc3 32. Ra1 Nc2 33. Nxc2 Rxc2 34. Rb1 b6 35. a5 Rc6 36. axb6 Rxb6 37. Ra1 a6 38. Kf3 Kf6 39. Ke4 Ke6 40. g4 Kd6 41. Kd4 Rb4+ 42. Ke3 Rxg4 43. Rxa6+ Ke7 44. Ra7+ Kf6 45. Ra6+ Kg7 46. Ra7 h5 47. Rb7 Rg1 48. Kf3 h4 49. Rb4 g5 50. Rb5 h3 0-1

[Event "9. Korbacher Open 2017"]
[Site "Korbach"]
[Date "2017.10.22"]
[Round "7"]
[White "Schmidt, Matthias"]
[Black "Tschoepe, Nino"]
[Result "1/2-1/2"]
[ECO "C26"]
[WhiteElo "2031"]
[BlackElo "1978"]
[Annotator "NA"]
[PlyCount "20"]
[EventDate "2017.??.??"]
[EventType "swiss"]
[EventCountry "GER"]
[SourceTitle "playchess.com"]
[Source "ChessBase"]
[SourceQuality "1"]
[TimeControl "40/5400+30:1800+30"]

1. e4 e5 2. Nc3 Nf6 3. Bc4 Bc5 4. d3 c6 5. Bb3 b5 6. a3 d6 7. h3 O-O 8. Nf3 Re8 9. O-O h6 10. Be3 Nbd7 1/2-1/2

[Event "9. Korbacher Open 2017"]
[Site "Korbach"]
[Date "2017.10.22"]
[Round "7"]
[White "Stahnke, Thorsten"]
[Black "Wuestehube, Harry"]
[Result "1/2-1/2"]
[ECO "A30"]
[WhiteElo "2026"]
[BlackElo "1906"]
[Annotator "NA"]
[PlyCount "53"]
[EventDate "2017.??.??"]
[EventType "swiss"]
[EventCountry "GER"]
[SourceTitle "playchess.com"]
[Source "ChessBase"]
[SourceQuality "1"]
[TimeControl "40/5400+30:1800+30"]

1. c4 c5 2. Nf3 Nc6 3. d4 cxd4 4. Nxd4 Nf6 5. Nc3 g6 6. e4 d6 7. Be2 Bg7 8. Be3 O-O 9. Qd2 Bd7 10. O-O Ng4 11. Bxg4 Bxg4 12. Nd5 e5 13. Nc2 Qd7 14. Rac1 f6 15. b4 Ne7 16. Nxe7+ Qxe7 17. b5 Rfd8 18. Nb4 Be6 19. Rc3 Qf7 20. Nd5 Bf8 21. Rfc1 Rdc8 22. b6 a6 23. a4 Rab8 24. a5 Bd7 25. f3 Bc6 26. Qc2 Rd8 27. Nb4 1/2-1/2

[Event "9. Korbacher Open 2017"]
[Site "Korbach"]
[Date "2017.10.22"]
[Round "7"]
[White "Li, Zhuoling"]
[Black "Ohst, Holger"]
[Result "1-0"]
[WhiteElo "2007"]
[BlackElo "1986"]
[Annotator "NA RC"]
[PlyCount "177"]
[EventDate "2017.??.??"]
[EventType "swiss"]
[EventCountry "GER"]
[SourceTitle "playchess.com"]
[Source "ChessBase"]
[SourceQuality "1"]
[TimeControl "40/5400+30:1800+30"]

1. e4 c5 2. Nf3 e6 3. d4 cxd4 4. Nxd4 Nf6 5. Bd3 Nc6 6. Nxc6 bxc6 7. O-O Be7 8. e5 {[%emt 0:03:47] B40: Sicilian: 2...e6, Unusual lines} Nd5 9. Qg4 g6 10. Bh6 f5 $146 ({Predecessor:} 10... Bf8 11. Bxf8 Rxf8 12. Nd2 f5 13. Qf3 Nb6 14. Rad1 Qc7 15. Rfe1 Bb7 {1-0 (28) Liu,Y (2009)-Sair,S (1715) Baku 2016}) 11. exf6 Bxf6 12. Nc3 Nxc3 13. bxc3 Qe7 14. Rae1 Bg7 15. Bxg7 Qxg7 16. h4 O-O 17. h5 g5 18. h6 Qxh6 19. Re5 Kf7 20. Rxg5 Ke8 21. Rh5 Qf6 22. Rxh7 Kd8 23. Qg3 Qxc3 24. Qd6 Qf6 25. Be4 e5 26. Qd2 a5 27. Rd1 Ra7 28. Qe3 Ra6 29. Bd3 Ra8 30. Rh6 Qf4 31. Qb6+ Ke7 32. Qc5+ Kd8 33. Rh7 Rf7 34. Rh8+ Kc7 35. Bc4 Rf6 36. g3 Rg6 37. Kf1 Qf6 38. Rf8 Qg7 39. Rb1 Rg4 40. Qb6+ Kd6 41. Rd1+ Rd4 42. Rxd4+ exd4 43. Rf4 Qe5 44. Bd3 Qh5 45. Rxd4+ Ke7 46. Rh4 Qg5 47. Re4+ Kd6 48. c4 Ba6 49. Kg2 Qd8 50. c5+ Kd5 51. Qb2 Qh8 52. Qe2 Bxd3 53. Qxd3+ Kxc5 54. Rc4+ Kb6 55. Qxd7 Qc8 56. Qd4+ c5 57. Qb2+ Ka6 58. Qe2 Kb6 59. a4 Qc6+ 60. Qf3 Rf8 61. Qxc6+ Kxc6 62. f4 Kd5 63. Rc1 Kd4 64. Kf3 c4 65. g4 Kd3 66. g5 c3 67. g6 Kd2 68. Rg1 c2 69. Rg2+ Kd3 70. Rxc2 Kxc2 71. Ke4 Kb3 72. f5 Re8+ 73. Kd5 Kxa4 74. f6 Kb3 75. f7 Rd8+ 76. Kc5 a4 77. g7 Rc8+ 78. Kd4 Rd8+ 79. Ke3 a3 80. g8=Q Rxg8 81. fxg8=Q+ Kb2 82. Qg7+ Kb1 83. Qg6+ Kc1 84. Qf6 Kb1 85. Qf5+ Kb2 86. Qe5+ Kb1 87. Qe4+ Kc1 88. Qc4+ Kb2 89. Qb4+ 1-0

[Event "9. Korbacher Open 2017"]
[Site "Korbach"]
[Date "2017.10.22"]
[Round "7"]
[White "Van der Meiden, Dirk"]
[Black "Hansen, Flemming Haupt"]
[Result "1-0"]
[ECO "B12"]
[WhiteElo "1958"]
[BlackElo "2121"]
[Annotator "NA"]
[PlyCount "78"]
[EventDate "2017.??.??"]
[EventType "swiss"]
[EventCountry "GER"]
[SourceTitle "playchess.com"]
[Source "ChessBase"]
[SourceQuality "1"]
[TimeControl "40/5400+30:1800+30"]

1. e4 c6 2. d4 d5 3. e5 Bf5 4. Nf3 e6 5. Be2 c5 6. c4 cxd4 7. Nxd4 Bxb1 8. Rxb1 Bb4+ 9. Bd2 Bxd2+ 10. Qxd2 Ne7 11. O-O O-O 12. Bf3 Nbc6 13. cxd5 exd5 14. Rfe1 Qb6 15. Rbd1 Rfe8 16. e6 f6 17. g3 a5 18. Bg2 a4 19. h4 Ne5 20. b3 axb3 21. axb3 Rad8 22. Kh1 N7c6 23. f4 Ng4 24. f5 Qc7 25. Re3 Nxd4 26. Qxd4 Nf2+ 27. Kh2 Nxd1 28. Qxd1 d4 29. Rd3 Qe5 30. Bxb7 Qxf5 31. Bg2 Qe5 32. Bh3 f5 33. Qf3 g6 34. Rd2 Rxe6 35. Bf1 Qe3 36. Qd1 Kg7 37. Bc4 Re4 38. Ra2 f4 39. Ra7+ Kh6 1-0

[Event "9. Korbacher Open 2017"]
[Site "Korbach"]
[Date "2017.10.22"]
[Round "7"]
[White "Bluebaum, Johanna"]
[Black "Powalla, Christian"]
[Result "1-0"]
[ECO "A59"]
[WhiteElo "1955"]
[BlackElo "1816"]
[Annotator "NA"]
[PlyCount "60"]
[EventDate "2017.??.??"]
[EventType "swiss"]
[EventCountry "GER"]
[SourceTitle "playchess.com"]
[Source "ChessBase"]
[SourceQuality "1"]
[TimeControl "40/5400+30:1800+30"]

1. d4 Nf6 2. c4 c5 3. d5 b5 4. cxb5 a6 5. bxa6 g6 6. Nc3 Bxa6 7. e4 Bxf1 8. Kxf1 d6 9. g3 Bg7 10. Nf3 Nbd7 11. Kg2 O-O 12. a4 Ra6 13. Qc2 Qa8 14. Ra3 Rb8 15. Nb5 Ne8 16. Nd2 e6 17. dxe6 fxe6 18. Re1 Qc6 19. Nf3 d5 20. exd5 exd5 21. Bf4 Rc8 22. Rae3 Nef6 23. b3 Ne4 24. Kg1 Ndf6 25. Ne5 Qb7 26. f3 d4 27. Rxe4 Nxe4 28. Qc4+ Kf8 29. Rxe4 Rf6 30. Ng4 Qa8 1-0

[Event "9. Korbacher Open 2017"]
[Site "Korbach"]
[Date "2017.10.22"]
[Round "7"]
[White "Nemetz, Markus"]
[Black "Rutz, Matthias"]
[Result "1/2-1/2"]
[ECO "E04"]
[WhiteElo "1951"]
[BlackElo "2046"]
[Annotator "NA"]
[PlyCount "25"]
[EventDate "2017.??.??"]
[EventType "swiss"]
[EventCountry "GER"]
[SourceTitle "playchess.com"]
[Source "ChessBase"]
[SourceQuality "1"]
[TimeControl "40/5400+30:1800+30"]

1. d4 d5 2. Nf3 Nf6 3. c4 e6 4. g3 dxc4 5. Bg2 Bd7 6. Nbd2 Bc6 7. Nxc4 Bb4+ 8. Bd2 Bxd2+ 9. Qxd2 Be4 10. O-O O-O 11. Rfd1 Qd5 12. Ne3 Qd6 13. Nc4 1/2-1/2